AoeStats
← Pug Samurai

Arabia

503991545Analyzed
1v1 RM · 1mo ago on Sep 3, 2026· 31m 22s· 2 players
Game mode
Random Map
Map size
Tiny (2 player)
Population
200
Speed
Normal
Resources
Standard
Victory
Conquest
Starting age
Dark Age
Ending age
Imperial Age
RankedLock teamsTeams togetherTeam positionsShared explorationLock speedFull tech treeHidden civsTurbo modeCheats
Victory
Defeat
🇭🇰 Armenians · Hong Kong SAR China
961
+15
🇰🇿 Khmer · Kazakhstan
936
-15
Sterlo White
5:48 Loom
9:04 Feudal Age
17:19 Double-Bit Axe
20:45 Castle Age
Pug Samurai
7:34 Loom
10:36 Feudal Age
10:41 Man-at-Arms
12:53 Long Swordsman
14:31 Pikeman
17:04 Arson
20:02 Horse Collar
26:36 Castle Age
24:50 Scale Mail Armor
27:08 Gambesons
27:23 Squires
30:26 Forging
Connection lost

Rejoining the realm…

Still unreachable

The connection could not be restored.

Session expired

The server has moved on; the page needs a fresh start.